TOP OF THE 1ST |
---|
Connecticut Huskies batting - Pitching for Penn State Nittany Lions : LHP Will Hurt | Pitching: LHP Will Hurt | | Batting: RHB Anthony Payton | 0-0: Called Strike 0-1: Foul Ball, location: 2F 0-2: Ball 1-2: Ball 2-2: Ball 3-2: Ground out U3 (Groundball, 34) | Batting: LHB Roberto Martínez | 0-0: Ball 1-0: Swinging Strike 1-1: Called Strike 1-2: Ball 2-2: Strikes out swinging | Batting: RHB Bill Starr | 0-0: SINGLE (Flyball, 89M) | Batting: RHB Phil Gabriel | 0-0: Called Strike 0-1: Ball 1-1: Called Strike 1-2: Ground out 4-3 (Groundball, 4) | Top of the 1st over - 0 runs, 1 hit, 0 errors, 1 left on base; Connecticut 0 - Penn State 0 | BOTTOM OF THE 1ST |
---|
Penn State Nittany Lions batting - Pitching for Connecticut Huskies : LHP Mal Chapman | Pitching: LHP Mal Chapman | | Batting: RHB Steffen Hansen | 0-0: Fly out, F9 (Line Drive, 9D) | Batting: LHB Mauro Flores | 0-0: Called Strike 0-1: Fly out, F6 (Line Drive, 6) | Batting: SHB Francisco Madrigal | 0-0: Reached on error, E8 (Flyball, 8RD) | Batting: LHB Jerry Koch | 0-0: Called Strike 0-1: SINGLE (Groundball, 34D) Francisco Madrigal to third Runner from 3rd tries for Home, SAFE, throw made home | Batting: LHB Ángel Santos | 0-0: Ball 1-0: Ball 2-0: Foul Ball, location: 2F 2-1: Fly out, F8 (Flyball, 8LD) | Bottom of the 1st over - 1 run, 1 hit, 1 error, 1 left on base; Connecticut 0 - Penn State 1 | TOP OF THE 2ND |
---|
Connecticut Huskies batting - Pitching for Penn State Nittany Lions : LHP Will Hurt | Batting: RHB Ron Frost | 0-0: Called Strike 0-1: Ball 1-1: Ball 2-1: Fly out, F7 (Line Drive, 78D) | Batting: RHB Eric Vaughn | 0-0: Ground out 3-1 (Groundball, 34S) | Batting: LHB Alejandro Piña | 0-0: Ball 1-0: Called Strike 1-1: Foul Ball, location: 2F 1-2: Foul Ball, location: 2F 1-2: Foul Ball, location: 2F 1-2: SINGLE (Flyball, 7LS) | Batting: RHB Martin Caldwell | 0-0: Ball 1-0: Called Strike 1-1: Ball 2-1: Swinging Strike 2-2: Foul Ball, location: 2F 2-2: Strikes out swinging | Top of the 2nd over - 0 runs, 1 hit, 0 errors, 1 left on base; Connecticut 0 - Penn State 1 | BOTTOM OF THE 2ND |
---|
Penn State Nittany Lions batting - Pitching for Connecticut Huskies : LHP Mal Chapman | Batting: SHB Danny Parkins | 0-0: SINGLE (Groundball, 34D) | Batting: RHB Lane Wilcox | 0-0: Called Strike Danny Parkins steals 2nd base 0-1: Swinging Strike 0-2: Foul Ball, location: 2F 0-2: Foul Ball, location: 2F 0-2: Ball 1-2: Ground out U3 (Groundball, 34) Danny Parkins to third | Batting: LHB Damian West | 0-0: Ball 1-0: Ball 2-0: Foul Ball, location: 2F 2-1: Foul Ball, location: 2F 2-2: SINGLE (Groundball, 6D) Danny Parkins scores | Batting: RHB Greg Coleman | 0-0: Fly out, F3 (Popup, 23F) | Batting: RHB Steffen Hansen | 0-0: Ball 1-0: Foul Ball, location: 2F 1-1: Ball 2-1: Ball 3-1: Base on Balls Damian West to second | Batting: LHB Mauro Flores | 0-0: Ball 1-0: Ball 2-0: Ball 3-0: Base on Balls Damian West to third Steffen Hansen to second | Batting: SHB Francisco Madrigal | 0-0: Ball Wild Pitch! Damian West scores Steffen Hansen to third Mauro Flores to second 1-0: Ball 2-0: SINGLE (Flyball, 8RS) Steffen Hansen scores Mauro Flores to third Runner from 3rd tries for Home, throw and OUT! | Bottom of the 2nd over - 3 runs, 3 hits, 0 errors, 1 left on base; Connecticut 0 - Penn State 4 | TOP OF THE 3RD |
---|
Connecticut Huskies batting - Pitching for Penn State Nittany Lions : LHP Will Hurt | Batting: SHB José Ramírez | 0-0: Ball 1-0: Ball 2-0: Foul Ball, location: 2F 2-1: Ball 3-1: Foul Ball, location: 2F 3-2: Foul Ball, location: 2F 3-2: Base on Balls | Batting: RHB Anthony Payton | 0-0: Ball 1-0: Ball 2-0: Ball 3-0: Called Strike 3-1: Foul Ball, location: 2F 3-2: Fielders Choice at 2nd, 1-6 (Groundball, 13) | Batting: LHB Roberto Martínez | 0-0: Foul Ball, location: 2F 0-1: Foul Ball, location: 2F 0-2: Ball Anthony Payton steals 2nd base 1-2: Strikes out looking | Batting: RHB Bill Starr | 0-0: Foul Ball, location: 2F 0-1: Ball 1-1: Fly out, F8 (Line Drive, 78M) | Top of the 3rd over - 0 runs, 0 hits, 0 errors, 1 left on base; Connecticut 0 - Penn State 4 | BOTTOM OF THE 3RD |
---|
Penn State Nittany Lions batting - Pitching for Connecticut Huskies : LHP Mal Chapman | Batting: LHB Jerry Koch | 0-0: Ball 1-0: Ball 2-0: Foul Ball, location: 2F 2-1: Foul Ball, location: 2F 2-2: Ball 3-2: Base on Balls | Batting: LHB Ángel Santos | 0-0: Ball 1-0: Ball 2-0: Called Strike Jerry Koch steals 2nd base 2-1: Ball 3-1: Foul Ball, location: 2F 3-2: SINGLE (Line Drive, 4MD) Jerry Koch to third Runner from 3rd tries for Home, SAFE, no throw | Batting: SHB Danny Parkins | 0-0: SINGLE (Line Drive, 6M) Ángel Santos to second | Batting: RHB Lane Wilcox | 0-0: Foul Ball, location: 2F 0-1: Called Strike 0-2: Foul Ball, location: 2F 0-2: Strikes out swinging | Batting: LHB Damian West | 0-0: Ball 1-0: Ball 2-0: Foul Ball, location: 2F 2-1: Swinging Strike 2-2: Foul Ball, location: 2F 2-2: Fly out, F8 (Flyball, 8LD) Runner from 2nd tags up, SAFE at 3rd with throw | Batting: RHB Greg Coleman | 0-0: Ball 1-0: Ball 2-0: Ball 3-0: Called Strike 3-1: Foul Ball, location: 2F 3-2: Base on Balls Danny Parkins to second | Batting: RHB Steffen Hansen | 0-0: Ball 1-0: Ball 2-0: Ball 3-0: Base on Balls Ángel Santos scores Danny Parkins to third Greg Coleman to second | Batting: LHB Mauro Flores | 0-0: Ball 1-0: Ball 2-0: Ball 3-0: Base on Balls Danny Parkins scores Greg Coleman to third Steffen Hansen to second | Batting: SHB Francisco Madrigal | 0-0: Ball 1-0: DOUBLE (Line Drive, 89D) Greg Coleman scores Steffen Hansen scores Mauro Flores to third | Batting: LHB Jerry Koch | 0-0: Ball 1-0: Ball 2-0: Called Strike 2-1: Ball 3-1: Called Strike 3-2: Strikes out looking | Bottom of the 3rd over - 5 runs, 3 hits, 0 errors, 2 left on base; Connecticut 0 - Penn State 9 | TOP OF THE 4TH |
---|
Connecticut Huskies batting - Pitching for Penn State Nittany Lions : LHP Will Hurt | Batting: RHB Phil Gabriel | 0-0: Ball 1-0: Fly out, F7 (Line Drive, 7) | Batting: RHB Ron Frost | 0-0: Ball 1-0: Ball 2-0: SINGLE (Groundball, 56D) | Batting: RHB Eric Vaughn | 0-0: SINGLE (Line Drive, 9LS) Ron Frost to second Runner from 2nd tries for 3rd, SAFE, no throw | Batting: LHB Alejandro Piña | 0-0: Foul Ball, location: 2F 0-1: Called Strike Eric Vaughn is caught stealing 2nd base 0-2: Foul Ball, location: 2F 0-2: Strikes out swinging | Top of the 4th over - 0 runs, 2 hits, 0 errors, 1 left on base; Connecticut 0 - Penn State 9 | BOTTOM OF THE 4TH |
---|
Penn State Nittany Lions batting - Pitching for Connecticut Huskies : LHP Mal Chapman | Pitching: RHP Daniel Merrill | | Batting: LHB Ángel Santos | 0-0: Called Strike 0-1: Called Strike 0-2: Ball 1-2: Ball 2-2: DOUBLE (Line Drive, 7LM) | Batting: SHB Danny Parkins | 0-0: Swinging Strike 0-1: Foul Ball, location: 2F 0-2: Ball 1-2: Strikes out looking | Batting: RHB Lane Wilcox | 0-0: Swinging Strike 0-1: SINGLE (Groundball, 25) (infield hit) Ángel Santos to third | Batting: LHB Damian West | 0-0: Swinging Strike Passed Ball! Ángel Santos scores Lane Wilcox to second 0-1: Ball 1-1: Ball 2-1: Ball 3-1: Called Strike 3-2: Foul Ball, location: 2F 3-2: Fly out, F7 (Flyball, 7S) | Batting: RHB Greg Coleman | 0-0: Called Strike 0-1: Ball 1-1: Foul Ball, location: 2F 1-2: Ball 2-2: Ground out 2-3 (Groundball, 2R) | Bottom of the 4th over - 1 run, 2 hits, 0 errors, 1 left on base; Connecticut 0 - Penn State 10 | TOP OF THE 5TH |
---|
Connecticut Huskies batting - Pitching for Penn State Nittany Lions : LHP Will Hurt | Batting: RHB Martin Caldwell | 0-0: Fly out, F7 (Flyball, 7LS) | Batting: SHB José Ramírez | 0-0: Called Strike 0-1: Foul Ball, location: 2F 0-2: Ball 1-2: Ball 2-2: Foul Ball, location: 2F 2-2: Strikes out swinging | Batting: RHB Anthony Payton | 0-0: Ball | |
---|
| | 1-0: Ball 2-0: Ball 3-0: Called Strike 3-1: Foul Ball, location: 2F 3-2: Fly out, F9 (Flyball, 9S) | Top of the 5th over - 0 runs, 0 hits, 0 errors, 0 left on base; Connecticut 0 - Penn State 10 | BOTTOM OF THE 5TH |
---|
Penn State Nittany Lions batting - Pitching for Connecticut Huskies : RHP Daniel Merrill | Batting: RHB Steffen Hansen | 0-0: Called Strike 0-1: Ball 1-1: Foul Ball, location: 2F 1-2: Foul Ball, location: 2F 1-2: Ground out 1-3 (Groundball, 15) | Batting: LHB Mauro Flores | 0-0: Ball 1-0: Swinging Strike 1-1: Foul Ball, location: 2F 1-2: Foul Ball, location: 2F 1-2: Foul Ball, location: 2F 1-2: SINGLE (Flyball, 9LS) | Batting: SHB Francisco Madrigal | 0-0: Called Strike 0-1: Called Strike 0-2: Ball 1-2: Ball 2-2: Ball 3-2: Fly out, F5 (Popup, 6S) | Batting: LHB Jerry Koch | 0-0: Ball 1-0: Called Strike 1-1: Fielders Choice at 2nd, 6-4 (Groundball, 6) | Bottom of the 5th over - 0 runs, 1 hit, 0 errors, 1 left on base; Connecticut 0 - Penn State 10 | TOP OF THE 6TH |
---|
Connecticut Huskies batting - Pitching for Penn State Nittany Lions : LHP Will Hurt | Pitching: RHP Gary Yarn | | Batting: LHB Roberto Martínez | 0-0: Called Strike 0-1: Foul Ball, location: 2F 0-2: SINGLE (Groundball, 4D) | Batting: RHB Bill Starr | 0-0: Ball 1-0: Ball 2-0: Ball 3-0: Called Strike 3-1: Ground out 5-3 (Groundball, 56S) Roberto Martínez to second | Batting: RHB Phil Gabriel | 0-0: SINGLE (Line Drive, 89S) Roberto Martínez to third | Batting: RHB Ron Frost | 0-0: Called Strike 0-1: Ball 1-1: Ball 2-1: Foul Ball, location: 2F 2-2: Ball 3-2: Strikes out swinging | Batting: RHB Eric Vaughn | 0-0: Called Strike 0-1: Ground out 3-1 (Groundball, 34) | Top of the 6th over - 0 runs, 2 hits, 0 errors, 2 left on base; Connecticut 0 - Penn State 10 | BOTTOM OF THE 6TH |
---|
Penn State Nittany Lions batting - Pitching for Connecticut Huskies : RHP Daniel Merrill | Batting: LHB Ángel Santos | 0-0: Ball 1-0: Called Strike 1-1: Ball 2-1: Called Strike 2-2: Ball 3-2: Foul Ball, location: 2F 3-2: Foul Ball, location: 2F 3-2: Foul Ball, location: 2F 3-2: Strikes out swinging | Pitching: RHP Ronnie Couch | | Batting: SHB Danny Parkins | 0-0: Ball 1-0: Hit by Pitch | Batting: RHB Lane Wilcox | Pickoff Throw to First - Out! 0-0: Called Strike 0-1: Ball 1-1: Swinging Strike 1-2: Ball 2-2: Ground out 3-1 (Groundball, 34) | Bottom of the 6th over - 0 runs, 0 hits, 0 errors, 0 left on base; Connecticut 0 - Penn State 10 | TOP OF THE 7TH |
---|
Connecticut Huskies batting - Pitching for Penn State Nittany Lions : RHP Gary Yarn | Batting: LHB Alejandro Piña | 0-0: Called Strike 0-1: Ball 1-1: DOUBLE (Flyball, 7LD) | Batting: RHB Martin Caldwell | 0-0: Ball 1-0: 2-RUN HOME RUN (Flyball, 7LD), Distance : 340 ft | Batting: SHB José Ramírez | 0-0: Ball 1-0: Ball 2-0: Fly out, F8 (Line Drive, 8RM) | Batting: RHB Anthony Payton | 0-0: Called Strike 0-1: Ball 1-1: Ball 2-1: Foul Ball, location: 2F 2-2: SINGLE (Groundball, 6MD) | Batting: LHB Roberto Martínez | 0-0: Called Strike 0-1: Ball 1-1: Swinging Strike 1-2: Ball 2-2: Ball 3-2: Base on Balls Anthony Payton to second | Batting: RHB Bill Starr | 0-0: 3-RUN HOME RUN (Line Drive, 78XD), Distance : 376 ft | Pitching: RHP Jim Grant | | Batting: RHB Phil Gabriel | 0-0: Ball 1-0: Ball 2-0: Ball 3-0: Called Strike 3-1: Foul Ball, location: 2F 3-2: Base on Balls | Batting: RHB Ron Frost | 0-0: Swinging Strike 0-1: 2-RUN HOME RUN (Flyball, 7D), Distance : 369 ft | Pitching: RHP Martin Couturier | | Batting: RHB Eric Vaughn | 0-0: Ball 1-0: Ball 2-0: Swinging Strike 2-1: Called Strike 2-2: Strikes out swinging | Batting: LHB Alejandro Piña | 0-0: Called Strike 0-1: Swinging Strike 0-2: Ball 1-2: Strikes out looking | Top of the 7th over - 7 runs, 5 hits, 0 errors, 0 left on base; Connecticut 7 - Penn State 10 | BOTTOM OF THE 7TH |
---|
Penn State Nittany Lions batting - Pitching for Connecticut Huskies : RHP Ronnie Couch | Batting: LHB Damian West | 0-0: Swinging Strike 0-1: Swinging Strike 0-2: Strikes out swinging | Batting: RHB Greg Coleman | 0-0: Swinging Strike 0-1: Called Strike 0-2: Strikes out swinging | Batting: RHB Steffen Hansen | 0-0: DOUBLE (Line Drive, 89D) | Batting: LHB Mauro Flores | 0-0: Ball 1-0: Called Strike 1-1: Ball 2-1: Fly out, F8 (Flyball, 8RD) | Bottom of the 7th over - 0 runs, 1 hit, 0 errors, 1 left on base; Connecticut 7 - Penn State 10 | TOP OF THE 8TH |
---|
Connecticut Huskies batting - Pitching for Penn State Nittany Lions : RHP Martin Couturier | Batting: RHB Martin Caldwell | 0-0: Called Strike 0-1: Ground out 6-3 (Groundball, 6) | Batting: SHB José Ramírez | 0-0: Ball 1-0: Called Strike 1-1: Called Strike 1-2: Foul Ball, location: 2F 1-2: Ball 2-2: Ground out 4-3 (Groundball, 34D) | Batting: RHB Anthony Payton | 0-0: Swinging Strike 0-1: Ball 1-1: Foul Ball, location: 2F 1-2: Foul Ball, location: 2F 1-2: Ground out 4-3 (Groundball, 34) | Top of the 8th over - 0 runs, 0 hits, 0 errors, 0 left on base; Connecticut 7 - Penn State 10 | BOTTOM OF THE 8TH |
---|
Penn State Nittany Lions batting - Pitching for Connecticut Huskies : RHP Ronnie Couch | Batting: SHB Francisco Madrigal | 0-0: Ball 1-0: Ball 2-0: Ball 3-0: Base on Balls | Batting: LHB Jerry Koch | 0-0: Ball 1-0: Called Strike Francisco Madrigal is caught stealing 2nd base 1-1: Ball 2-1: Ground out U3 (Groundball, 3L) | Batting: LHB Ángel Santos | 0-0: Ball 1-0: Swinging Strike 1-1: SINGLE (Groundball, 25) (infield hit) | Batting: SHB Danny Parkins | 0-0: Ball 1-0: DOUBLE (Line Drive, 9D) Ángel Santos to third | Batting: RHB Lane Wilcox | 0-0: Swinging Strike 0-1: Foul Ball, location: 2F 0-2: Strikes out swinging | Bottom of the 8th over - 0 runs, 2 hits, 0 errors, 2 left on base; Connecticut 7 - Penn State 10 | TOP OF THE 9TH |
---|
Connecticut Huskies batting - Pitching for Penn State Nittany Lions : RHP Martin Couturier | Pitching: RHP Raúl Pérez | | Batting: LHB Roberto Martínez | 0-0: Ground out U3 (Groundball, 34S) | Batting: RHB Bill Starr | 0-0: Ball 1-0: Called Strike 1-1: Ground out 4-3 (Groundball, 4M) | Batting: RHB Phil Gabriel | 0-0: Called Strike 0-1: Fly out, F8 (Flyball, 78D) | Top of the 9th over - 0 runs, 0 hits, 0 errors, 0 left on base; Connecticut 7 - Penn State 10 | | Saturday, December 16th, 2017 - OOTP Baseball 18.8 Build 76 | |